 Dungeon Crawl Stone Soup version 0.31.0-9-g3a7656b989 (webtiles) character file.

Game seed: 11466946709238870520

53 qw the Shooter (level 3, -9/20 HPs)
             Began as a Deep Elf Hunter on Feb 2, 2024.
             Killed by divine providence
             ... invoked by an orc priest
              (12 damage)
             ... on level 2 of the Dungeon.
             The game lasted 00:00:04 (1126 turns).

qw the Shooter (Deep Elf Hunter)                    Turns: 1126, Time: 00:00:04

Health: -9/20      AC:  5    Str: 10    XL:     3   Next: 62%
Magic:  5/5        EV: 11    Int: 13    God:
Gold:   74         SH:  0    Dex: 18    Spells: 2/2 levels left

rFire   . . .        a - +0 shortbow
rCold   . . .        (shield currently unavailable)
rNeg    . . .        h - +0 ring mail
rPois   .            (no helmet)
rElec   .            (no cloak)
rCorr   .            (no gloves)
SInv    .            (no boots)
Will    .....        (no amulet)
Stlth   +            (no ring)
HPRegen 0.23/turn    (no ring)
MPRegen 0.09/turn

%: no passive effects
@: no status effects
A: no striking features
a: no special abilities


You were on level 2 of the Dungeon.
You visited 1 branch of the dungeon, and saw 2 of its levels.

You collected 74 gold pieces.


   Skills:
 - Level 1.5 Fighting
 + Level 7.1 Ranged Weapons
 - Level 2.4 Dodging
 - Level 1.2 Stealth


You had 2 spell levels left.
You didn't know any spells.
Your spell library was empty.

Inventory:

Hand Weapons
 a - a +0 shortbow (weapon)
Armour
 h - a +0 ring mail (worn)
Scrolls
 b - a scroll of teleportation {unknown}
Potions
 c - a potion of curing {unknown}

Dungeon Overview and Level Annotations

Branches:
Dungeon (2/15)

Altars:


Message History

You shoot an arrow. The arrow hits the ribbon worm.
You kill the ribbon worm!
You see here a ball python corpse.
Found 3 stones.
An orc comes into view. It is wielding a +0 club.
You shoot an arrow.
The arrow hits the orc but does no damage.
The orc shouts!
You hear a shout!
An orc comes into view. It is wielding a +0 flail.
You shoot an arrow. The orc shouts!
The arrow hits the orc!
You kill the orc!
An orc priest comes into view. It is wielding a +0 short sword.
An orc comes into view. It is wielding a +0 whip.
You shoot an arrow. The orc shouts!
The arrow hits the orc but does no damage.
You shoot an arrow. The arrow hits the orc.
The orc is severely wounded.
You shoot an arrow. The arrow hits the orc.
You kill the orc!
You shoot an arrow. The arrow barely misses the orc priest.
The arrow hits the orc.
The orc is heavily wounded.
An orc comes into view. It is wielding a +0 falchion.
You shoot an arrow. The arrow hits the orc priest.
The orc priest is lightly wounded.
You shoot an arrow. The arrow hits the orc priest.
The orc priest is lightly wounded.
The orc priest mumbles some strange prayers to Beogh against you.
Beogh smites you!
Ouch! That really hurt!
You shoot an arrow. The arrow hits the orc.
The orc is almost dead.
The orc priest calls down the wrath of Beogh upon you.
Beogh smites you!
Ouch! That really hurt!
You die...

.. #.#...
.....#..########. .
#.#### ###..#........##.
#.........##.##.
#...#...#.##.##.
#...#.....##.##. #
#...##...###.##. #..
#...............
#....####...###..###.##.
.)o.).o@......%.........
......o#######....#.#.#.
#...... #....#.#.#.
#...... #....#...#.
#...... #..........
#.(.... #.#........
####### #.##.######
#.......... ####.......


You could see an orc priest and 2 orcs.

Vanquished Creatures
  A ribbon worm (D:2)
  2 orcs (D:2)
  6 ball pythons
  2 bats (D:1)
  4 endoplasms
  2 giant cockroaches (D:1)
  2 goblins (D:1)
  5 hobgoblins
  6 jackals (D:1)
  2 quokkas (D:1)
  2 frilled lizards
  4 kobolds (D:1)
  5 rats (D:1)
43 creatures vanquished.

Notes
Turn   | Place    | Note
-------+----------+-------------------------------------------
     0 | D:1      | qw the Deep Elf Hunter began the quest for the Orb.
     0 | D:1      | Reached XP level 1. HP: 12/12 MP: 3/3
     0 | D:1      | 0 ||| qw: Version: 0.3-a-155-g5e7d8dd
     0 | D:1      | 0 ||| qw: Game counter: 469
     0 | D:1      | 0 ||| qw: Melee chars always use a shield: true
     0 | D:1      | 0 ||| qw: God list: Okawaru
     0 | D:1      | 0 ||| qw: Allow faded altars: false
     0 | D:1      | 0 ||| qw: Do Orc after clearing Dungeon:15 true
     0 | D:1      | 0 ||| qw: Do second Lair branch before Depths: true
     0 | D:1      | 0 ||| qw: Lair rune preference: random
     0 | D:1      | 0 ||| qw: Goals: Normal
     0 | D:1      | 0 ||| PLANNING D:1-11
    44 | D:1      | Reached XP level 2. HP: 16/16 MP: 4/4
    47 | D:1      | Reached skill level 6 in Ranged Weapons
   241 | D:1      | Reached XP level 3. HP: 16/20 MP: 5/5
   668 | D:1      | 668 ||| UPGRADING to +0 ring mail.
   678 | D:1      | 678 ||| DROPPING +0 leather armour.
   679 | D:1      | 679 ||| READING 2 scrolls labelled ABRA MOPRICKU.
   780 | D:1      | 780 ||| READING scroll labelled GAEDWI EVIEZI.
   781 | D:1      | 781 ||| READING scroll labelled USEYGA WOCRAS.
   781 | D:1      | 781 ||| IDENTIFYING bubbling silvery potion
   782 | D:1      | 782 ||| DROPPING scroll of butterflies.
   783 | D:1      | 783 ||| DROPPING scroll of vulnerability.
   784 | D:1      | 784 ||| DROPPING potion of invisibility.
  1035 | D:2      | Reached skill level 7 in Ranged Weapons
  1125 | D:2      | HP: 3/20 [orc priest/divine providence (17)]
  1126 | D:2      | Killed from afar by an orc priest

Levels and vault maps discovered:
D:1:      minmay_arrival_checkered_box, layout_loops_ring
D:2:      layout_basic

Skill      XL: |  1  2  3 |
---------------+----------+-----
Ranged Weapons | 6 7 |  7.1
Fighting       | |  1.5
Dodging        | |  2.4
Stealth        | |  1.2

Action                     || total
---------------------------++-------
   Fire: Shortbow          ||   117
    Use: Scroll            ||     3
 Armour: Leather armour    ||    11
         Ring mail         ||     3
  Dodge: Dodged            ||    21

Table legend:
 A = Non-vault XP
 B = Vault XP
 C = Vault XP percentage of total XP
 D = Non-vault monster count
 E = Vault monster count
 F = Vault count percentage of total count
                 A         B        C        D         E       F
            +---------+---------+-------+---------+---------+-------
      Total |      76 |       0 |   0.0 |      43 |       0 |   0.0
            +---------+---------+-------+---------+---------+-------
        D:1 |      58 |       0 |   0.0 |      35 |       0 |   0.0
        D:2 |      18 |       0 |   0.0 |       8 |       0 |   0.0
            +---------+---------+-------+---------+---------+-------
